 Dungeon Crawl Stone Soup version 0.21.1-1-g345015fe64 (webtiles) character file.

15981 Lavandula the Fighter (level 12, 94/117 HPs)
             Began as a Deep Dwarf Transmuter on May 28, 2018.
             Was an Elder of Makhleb.
             Quit the game on level 9 of the Dungeon.
             The game lasted 00:38:04 (6004 turns).

Lavandula the Fighter (Deep Dwarf Transmuter)       Turns: 6004, Time: 00:38:04

Health: 94/117     AC:  9    Str: 18    XL:     12   Next: 6%
Magic:  11/11      EV: 16    Int: 15    God:    Makhleb [****..]
Gold:   720        SH:  0    Dex: 13    Spells: 4/15 levels left

rFire    + . .     SeeInvis .     - Unarmed
rCold    . . .     Gourm    .   (no shield)
rNeg     . . .     Faith    .   I - +1 robe {MR+}
rPois    .         Spirit   .   D - +0 helmet
rElec    .         Reflect  .   n - +1 cloak
rCorr    .         Harm     .   S - +1 pair of gloves
MR       ++...                  H - +0 pair of boots
Stlth    ++........             (no amulet)
HPRegen  0.00/turn              q - ring of protection from fire
MPRegen  0.12/turn              w - ring of stealth

@: non-regenerating
A: damage resistance, heal wounds, mutation resistance 1, sense surroundings 2,
no regeneration
a: Heal Wounds, Minor Destruction, Lesser Servant of Makhleb, Major Destruction,
Renounce Religion


You were on level 9 of the Dungeon.
You worshipped Makhleb.
Makhleb was greatly pleased with you.
You were not hungry.

You visited 2 branches of the dungeon, and saw 15 of its levels.

You collected 720 gold pieces.

Inventory:

Hand Weapons
 A - a +0 blowgun
Missiles
 a - 206 arrows
 C - 38 poisoned needles
 K - 6 tomahawks (quivered)
Armour
 n - a +1 cloak (worn)
 D - a +0 helmet (worn)
 F - a +0 buckler
 H - a +0 pair of boots (worn)
 I - a +1 robe of magic resistance (worn)
 S - a +1 pair of gloves (worn)
Jewellery
 h - an uncursed ring of magical power
 q - a ring of protection from fire (left hand)
 s - an uncursed ring of fire
 u - an uncursed ring of ice
 w - a ring of stealth (right hand)
 G - the ring "Dotial" {Ice rN+}
   (You found it on level 10 of the Dungeon)

   [ring of ice]

   It enhances your ice magic.
   It makes you vulnerable to fire.
   It protects you from cold.
   It protects you from negative energy.
Wands
 r - a wand of acid (15)
 B - a wand of iceblast (36)
 E - a wand of scattershot (2)
 L - a wand of paralysis (18)
Scrolls
 e - 3 scrolls of amnesia
 i - 5 scrolls of enchant weapon
 j - 2 scrolls of teleportation
 l - 6 scrolls of remove curse
 o - 3 scrolls of blinking
 x - 2 scrolls of vulnerability
 y - a scroll of fog
 z - a scroll of fear
 N - a scroll of brand weapon {unknown}
 O - a scroll of immolation {unknown}
Potions
 b - a potion of agility
 g - a potion of invisibility
 k - a potion of flight
 m - 3 potions of curing
 t - 3 potions of lignification
 v - a potion of mutation
 J - a potion of haste
 R - a potion of cancellation {unknown}
Books
 c - a book of Changes

   Spells                             Type                      Level
   a - Beastly Appendage              Transmutation                1
   b - Sticks to Snakes               Transmutation                2
   c - Spider Form                    Transmutation/Poison         3
   d - Ice Form                       Ice/Transmutation            4
   e - Blade Hands                    Transmutation                5
 f - a book of Conjurations

   Spells                             Type                      Level
   a - Magic Dart                     Conjuration                  1
   b - Searing Ray                    Conjuration                  2
   c - Dazzling Spray                 Conjuration/Hexes            3
   d - Fulminant Prism                Conjuration/Hexes            4
   e - Force Lance                    Conjuration/Translocation    4
   f - Iskenderun's Mystic Blast      Conjuration                  4
 M - a book of Maledictions

   Spells                             Type                      Level
   a - Corona                         Hexes                        1
   b - Ensorcelled Hibernation        Hexes/Ice                    2
   c - Confuse                        Hexes                        3
   d - Tukima's Dance                 Hexes                        3
   e - Dazzling Spray                 Conjuration/Hexes            3
Miscellaneous
 P - a phantom mirror
Comestibles
 d - 17 rations
 p - 2 chunks of flesh


   Skills:
 + Level 10.4 Fighting
 - Level 8.0 Dodging
 - Level 8.1 Unarmed Combat
 - Level 2.4 Spellcasting
 - Level 9.1 Transmutations
 - Level 4.4 Invocations
 - Level 7.9 Evocations


You had 4 spell levels left.
You knew the following spells:

 Your Spells              Type           Power        Failure   Level  Hunger
a - Beastly Appendage     Tmut           ####..       1%          1    #......
b - Sticks to Snakes      Tmut           ####....     1%          2    ###....
c - Spider Form           Tmut/Pois      ###.......   10%         3    ###....
d - Blade Hands           Tmut           ####......   14%         5    ######.


Dungeon Overview and Level Annotations

Branches:
Dungeon (14/15)            Temple (1/1) D:5            Lair (0/6) D:9
    Orc: D:9-12      Vaults: D:13-14

Altars:
Ashenzari
Dithmenos
Elyvilon
Makhleb
Sif Muna
Wu Jian
Yredelemnul
Zin
The Shining One

Annotations:
D:2 Sigmund
D:8 Gastronok
D:13 exclusion: tengu conjurer


Innate Abilities, Weirdness & Mutations

You are resistant to damage.
You can heal yourself by infusing magical energy.
You passively map the area around you.
You do not regenerate.
You are somewhat resistant to further mutation.


Message History

You feel better.
No target in view!
Your hands revert to their normal proportions.
Your +1 pair of gloves unmelds from your body.
Eating one of 3 chunks of flesh.
You eat one of the 3 chunks of flesh.
This raw flesh tastes terrible.
There is a stone staircase leading up here.
You climb upwards.
There is a stone staircase leading down here.
Magic restored.
You see here a rapier.
There is a stone staircase leading down here.
Unknown command.
(D) Dungeon (T) Temple (L) Lair
Where to? (Enter - D:9 @ (x,y), ? - help)
Okay, then.
Unknown command.
Unknown command.
Unknown command.
Are you sure you want to abandon this character and quit the game? (Confirm with "yes".)

###..#...........##..# #
..............############
##
#####.#######...#..#.#.#.#
##. #####.#
#####......#.## *#..
..##..######
##'#.#.)..###...#
.........?.#
#ยง#.#.#......###
.......#####
###.#.#..>#### #
.....#>###
#############.#..#
.....#<..###....@....#
#....#
.....###...#.....#####
###### <....# ###.......#
.....# ###.....# )...##
#.....# ....#* #.....#
.....# #.....# .....#
#.....# .....# #######


There were no monsters in sight!

Vanquished Creatures
  Josephine (D:10)
  2 two-headed ogres
  A centaur warrior (D:14)
  Pikel (D:8)
  2 cyclopes
  2 manticores (D:11)
  Joseph (D:10)
  2 centaur skeletons
  3 trolls
  Prince Ribbit (D:8)
  A hornet (D:10)
  3 slime creatures (D:14)
  2 hippogriffs
  A shadow (D:12)
  7 wraiths
  3 yaks (D:12)
  A vampire (D:14)
  A basilisk (D:12)
  A human (D:9)
  Grum (D:10)
  A hungry ghost (D:11)
  An ice beast (D:12)
  6 orc warriors
  4 sky beasts
  An eye of draining (D:11)
  2 black bears
  6 ogres
  6 centaurs
  2 wolves (D:10)
  2 crocodiles
  3 big kobolds (D:9)
  5 bullfrogs
  7 scorpions
  8 killer bees
  4 wights (D:10)
  2 howler monkeys
  3 crimson imps
  A lava snake (D:11)
  A centaur zombie (D:7)
  2 hounds
  3 jellies
  6 orc priests
  2 bullfrog skeletons
  4 iguanas
  9 orc wizards
  7 worker ants
  2 hound zombies
  A worker ant zombie (D:8)
  10 adders
  4 gnolls (D:9)
  4 shadow imps
  An ooze (D:3)
  A worm (D:4)
  3 leopard geckos
  32 orcs
  5 giant cockroaches
  2 goblins
  5 hobgoblins
  9 jackals
  26 kobolds
  2 quokkas
  2 ball pythons
  4 bats (D:3)
  2 frilled lizards
  A leopard gecko zombie (D:5)
  A rat (D:2)
252 creatures vanquished.

Vanquished Creatures (collateral kills)
  A deep elf mage (D:14)
  An ugly thing (D:14)
  A gargoyle (D:14)
  A wraith (D:13)
  An adder (D:2)
  A worm (D:2)
6 creatures vanquished.

Vanquished Creatures (others)
  4 slaves (D:8)
4 creatures vanquished.

Grand Total: 262 creatures vanquished

Notes
Turn   | Place    | Note
-------+----------+-------------------------------------------
     0 | D:1      | Lavandula the Deep Dwarf Transmuter began the quest for the Orb.
     0 | D:1      | Reached XP level 1. HP: 16/16 MP: 3/3
    66 | D:1      | Reached XP level 2. HP: 18/24 MP: 2/4
    99 | D:1      | Learned a level 2 spell: Sticks to Snakes
   288 | D:2      | Noticed Sigmund
   307 | D:3      | Reached XP level 3. HP: 10/30 MP: 4/6
   434 | D:3      | Reached XP level 4. HP: 13/37 MP: 6/6
   510 | D:3      | Learned a level 3 spell: Spider Form
   604 | D:3      | Reached XP level 5. HP: 12/43 MP: 7/7
   692 | D:4      | Reached skill level 5 in Unarmed Combat
   730 | D:4      | Gained mutation: You are somewhat resistant to further mutation. [potion of mutation]
   791 | D:4      | Noticed an ogre
   800 | D:4      | Killed an ogre
   800 | D:4      | Reached XP level 6. HP: 50/50 MP: 5/8
  1145 | D:5      | Entered Level 5 of the Dungeon
  1159 | D:5      | Noticed a sky beast
  1168 | D:5      | Killed a sky beast
  1188 | D:5      | Noticed a sky beast
  1189 | D:5      | Reached XP level 7. HP: 24/56 MP: 9/9
  1242 | D:5      | Found a staircase to the Ecumenical Temple.
  1268 | Temple   | Entered the Ecumenical Temple
  1344 | Temple   | Became a worshipper of Makhleb the Destroyer
  1374 | D:5      | Reached skill level 1 in Fighting
  1569 | D:5      | Reached skill level 2 in Fighting
  1590 | D:5      | Reached skill level 3 in Fighting
  1590 | D:5      | Reached XP level 8. HP: 59/69 MP: 10/10
  2026 | D:6      | Reached * piety under Makhleb
  2153 | D:6      | Reached skill level 5 in Dodging
  2520 | D:7      | Gained mutation: You passively map the area around you. [Deep Dwarf growth]
  2520 | D:7      | Reached XP level 9. HP: 44/78 MP: 11/11
  2579 | D:7      | Found a white marble altar of Elyvilon.
  2950 | D:8      | Noticed a two-headed ogre
  2951 | D:8      | Noticed Pikel
  2987 | D:8      | Killed Pikel
  2987 | D:8      | Reached skill level 5 in Evocations
  3015 | D:8      | Killed a two-headed ogre
  3054 | D:8      | Reached ** piety under Makhleb
  3118 | D:8      | Reached skill level 4 in Fighting
  3147 | D:8      | Noticed Prince Ribbit
  3161 | D:8      | Killed Prince Ribbit
  3161 | D:8      | Reached skill level 5 in Fighting
  3324 | D:9      | Reached XP level 10. HP: 65/88 MP: 9/13
  3423 | D:9      | Reached skill level 6 in Fighting
  3442 | D:9      | Reached *** piety under Makhleb
  3483 | D:9      | Found a shattered altar of Ashenzari.
  3662 | D:9      | Reached skill level 7 in Fighting
  3687 | D:8      | Noticed Gastronok
  3729 | D:9      | Found a staircase to the Lair.
  3783 | D:10     | Entered Level 10 of the Dungeon
  3791 | D:10     | Got a scorched turquoise ring
  3793 | D:10     | Identified the ring "Dotial" {Ice rN+} (You found it on level 10 of the Dungeon)
  3817 | D:10     | Noticed Josephine
  3829 | D:10     | Killed Josephine
  3829 | D:10     | Reached skill level 8 in Fighting
  3834 | D:10     | Reached skill level 9 in Fighting
  3878 | D:10     | Learned a level 5 spell: Blade Hands
  3976 | D:10     | Noticed Grum
  3989 | D:10     | Killed Grum
  4149 | D:10     | Reached skill level 5 in Transmutations
  4297 | D:9      | Reached XP level 11. HP: 63/106 MP: 8/12
  4442 | D:11     | Reached **** piety under Makhleb
  4791 | D:12     | Noticed a two-headed ogre
  4946 | D:12     | Killed a two-headed ogre
  5091 | D:12     | Reached ***** piety under Makhleb
  5151 | D:13     | Reached skill level 1 in Invocations
  5246 | D:13     | Noticed a cyan ugly thing
  5271 | D:14     | Noticed a deep elf mage
  5272 | D:14     | Killed a cyan ugly thing
  5293 | D:14     | Killed a deep elf mage
  5541 | D:14     | Noticed a centaur warrior
  5545 | D:14     | Noticed a soul eater
  5550 | D:14     | Killed a centaur warrior
  5550 | D:14     | Reached skill level 10 in Fighting
  5670 | D:13     | Reached XP level 12. HP: 48/116 MP: 5/11
  5905 | D:10     | Noticed Joseph
  5919 | D:10     | Killed Joseph
  6004 | D:9      | Quit the game

Skill      XL: |  1  2  3  4  5  6  7  8  9 10 11 |
---------------+----------------------------------+-----
Unarmed Combat | 3 4 6 7 8 |  8.1
Spellcasting   | 2 |  2.4
Fighting       | 3 5 9 10 | 10.4
Transmutations | 3 5 9 |  9.1
Dodging        | 6 8 |  8.0
Evocations     | 7 |  7.9
Invocations    | 4 |  4.4

Action                   |  1- 3 |  4- 6 |  7- 9 | 10-12 || total
-------------------------+-------+-------+-------+-------++-------
Melee: Unarmed           |    80 |    78 |   247 |   442 ||   847
       Headbutt          |     5 |     3 |     1 |     1 ||    10
       Kick              |    10 |     1 |       |     1 ||    12
       Punch             |     2 |     2 |       |     5 ||     9
 Cast: Beastly Appendage |    15 |     9 |     2 |     2 ||    28
       Sticks to Snakes  |     2 |       |       |       ||     2
       Spider Form       |       |     6 |    41 |    36 ||    83
       Blade Hands       |       |       |       |    12 ||    12
Invok: Lesser Servant of |       |       |       |     6 ||     6
 Abil: Heal Wounds       |     1 |     3 |     7 |    15 ||    26
       End Transformatio |       |       |       |     1 ||     1
Evoke: Wand              |       |       |     1 |     9 ||    10
  Use: Scroll            |       |     7 |     7 |     9 ||    23
       Potion            |       |     1 |     2 |     2 ||     5
 Stab: Distracted        |     1 |       |       |       ||     1
       Sleeping          |       |     3 |     1 |     2 ||     6
  Eat: Chunk             |       |     3 |    13 |    16 ||    32
       Ration            |       |       |       |     2 ||     2
Armor: Robe              |    12 |     6 |     8 |    22 ||    48
       Skin              |       |     2 |     8 |    12 ||    22
Dodge: Dodged            |    36 |    38 |   204 |   421 ||   699
